 Dungeon Crawl Stone Soup version 0.23.2-1-ga50397a (webtiles) character file.

Game seed: 17592298385093620347

39 Kelebron the Stinger (level 3, -7/25 HPs)
             Began as a Human Wanderer on May 7, 2019.
             Killed from afar by Sigmund (10 damage)
             ... with a puff of flame
             ... on level 2 of the Dungeon.
             The game lasted 00:10:57 (2034 turns).

Kelebron the Stinger (Human Wanderer)               Turns: 2034, Time: 00:10:58

Health: -7/25      AC:  2    Str: 13    XL:     3   Next: 67%
Magic:  7/7        EV:  9    Int: 12    God:
Gold:   118        SH:  0    Dex: 12    Spells: 6/7 levels left

rFire    . . .     SeeInvis .   e - +0 hand axe
rCold    . . .     Gourm    .   d - +0 shield
rNeg     . . .     Faith    .   c - +0 robe
rPois    .         Spirit   .   (no helmet)
rElec    .         Reflect  .   (no cloak)
rCorr    .         Harm     .   (no gloves)
MR       .....                  (no boots)
Stlth    +.........             g - amulet of regeneration
HPRegen  0.48/turn              (no ring)
MPRegen  0.10/turn              (no ring)

@: confused
A: no striking features
a: no special abilities


You were on level 2 of the Dungeon.
You were not hungry.

You visited 1 branch of the dungeon, and saw 2 of its levels.

You collected 118 gold pieces.

Inventory:

Hand Weapons
 a - a +0 club
 e - a +0 hand axe (weapon)
 i - a +0 short sword
Missiles
 b - 35 stones (quivered)
Armour
 c - a +0 robe (worn)
 d - a +0 shield (worn)
 l - a +0 leather armour
Jewellery
 g - an amulet of regeneration (around neck)
Scrolls
 h - a scroll of identify
 k - 2 scrolls of teleportation
Comestibles
 f - 3 rations
 j - 3 chunks of flesh


   Skills:
 + Level 0.6 Fighting
 + Level 1.2 Axes
 + Level 1.1 Throwing
 + Level 0.9 Dodging
 + Level 1.2 Shields
 + Level 2.6 Spellcasting
   Level 1.0 Conjurations
   Level 1.0 Transmutations
   Level 1.0 Ice Magic
   Level 3.0 Poison Magic


You had 6 spell levels left.
You knew the following spells:

 Your Spells              Type           Power        Failure   Level  Hunger
a - Summon Small Mammal   Summ           #...         83%         1    #......

Your spell library contained the following spells:

 Spells                   Type           Power        Failure   Level  Hunger
 Call Canine Familiar     Summ           #.......     99%         3    ###....


Dungeon Overview and Level Annotations

Branches:
Dungeon (2/15)

Altars:

Annotations:
D:2 Sigmund


Message History

Throwing (i - inventory)
b - 37 stones (quivered)
Press: ? - help, Shift-Dir - straight line, f/p - worm
Aim: a worm (lightly wounded)
You throw a stone.
Throwing (i - inventory)
b - 36 stones (quivered)
Press: ? - help, Shift-Dir - straight line, f/p - worm
Aim: a worm (lightly wounded)
You throw a stone. Something hits you!
You miss something. You hit the worm but do no damage. The worm bites you.
* * * LOW HITPOINT WARNING * * *
You hear some strange, mumbled words.
You are more confused.
Something hits you.
* * * LOW HITPOINT WARNING * * *
You see here a stone.
You hear some strange, mumbled words.
A puff of flame appears from out of thin air!
The puff of flame hits you!
You die...

.....##.###...######
....................
##...#w###.รท.#######
#.#..........((.(..
#.#.###.(.#######
#...##....# ...
#...##....##....
#.<>(.(w........
.######@{(.#####.
.........(.##.....#
#######.(..##.....#
#.......##.....#
#[......##.....#
#.).....##....(# #
##....(.##..(..#.#
#....(.#........#
#.....()(.......##


You could see a worm.

Vanquished Creatures
  An adder (D:2)
  A dart slug (D:1)
  3 bats (D:1)
  A giant cockroach (D:2)
  4 goblins
  4 hobgoblins (D:1)
  2 jackals (D:1)
  3 frilled lizards
  6 kobolds
  2 rats
27 creatures vanquished.

Notes
Turn   | Place    | Note
-------+----------+-------------------------------------------
     0 | D:1      | Kelebron the Human Wanderer began the quest for the Orb.
     0 | D:1      | Kelebron set off with the following items: a +0 club, a +0
                  | robe, a +0 shield, a ration; and the following spell
                  | memorised: Summon Small Mammal; and the following spells
                  | available to memorise: Call Canine Familiar
     0 | D:1      | Reached XP level 1. HP: 13/13 MP: 3/3
   749 | D:1      | Reached XP level 2. HP: 19/19 MP: 3/5
  1412 | D:1      | Reached XP level 3. HP: 9/25 MP: 7/7
  1900 | D:2      | Reached skill level 1 in Axes
  2003 | D:2      | Noticed Sigmund
  2034 | D:2      | Killed from afar by Sigmund

Skill      XL: |  1  2  3 |
---------------+----------+-----
Axes           | 1 |  1.2
Fighting       | |  0.6
Throwing       | |  1.1
Dodging        | |  0.9
Shields        | |  1.2
Spellcasting   | |  2.6
Conjurations   | |  1.0
Transmutations | |  1.0
Ice Magic      | |  1.0
Poison Magic   | |  3.0

Action                   || total
-------------------------++-------
Melee: Hand axe          ||   117
Throw: Stone             ||    60
  Use: Potion            ||     2
       Scroll            ||     1
  Eat: Chunk             ||     2
       Ration            ||     1
Armor: Robe              ||    29
Dodge: Dodged            ||    38
Block: Shield            ||    45
